 Dungeon Crawl Stone Soup version 0.18-a0-1323-g706dcef (webtiles) character file.

92 GrosslyIncandescent the Insei (level 4, 0/35 HPs)
             Began as a Mummy Monk on Feb 15, 2016.
             Slain by Ijyb
             ... wielding a +0 club
              (3 damage)
             ... on level 3 of the Dungeon.
             The game lasted 00:02:11 (2922 turns).

GrosslyIncandescent the Insei (Mummy Monk)          Turns: 2922, Time: 00:02:11

Health: 0/35       AC:  1    Str: 14    XL:     4   Next: 35%
Magic:  4/4        EV: 13    Int:  9    God:
Gold:   163        SH:  0    Dex: 15    Spells: 0 memorised, 3 levels left

rFire  x . .     SeeInvis .       - Unarmed
rCold  + . .     Gourm    .     (no armour)
rNeg   + + +     Faith    .     (no shield)
rPois  ∞         Spirit   .     (no helmet)
rElec  .         Dismiss  .     d - +0 cloak
rCorr  .         Reflect  .     (no gloves)
SustAt .         Harm     .     (no boots)
MR     .....                    (no amulet)
Stlth  ++........               (no ring)
                                (no ring)

@: not resistant to hostile enchantments, unstealthy
A: no food or potions, fire vulnerability, cold resistance 1, negative energy
resistance 3, torment resistance, unbreathing
a: no special abilities


You were on level 3 of the Dungeon.
You were not hungry.

You visited 1 branch of the dungeon, and saw 3 of its levels.

You collected 163 gold pieces.


Innate Abilities, Weirdness & Mutations

You do not eat or drink.
Your flesh is vulnerable to fire.
You are immune to poison.
Your flesh is cold resistant.
You are immune to negative energy.
You are immune to unholy pain and torment.
You can survive without breathing.


   Skills:
 - Level 3.0 Fighting
 - Level 2.4 Dodging
 - Level 1.5 Stealth
 + Level 4.8 Unarmed Combat


You had 3 spell levels left.
You didn't know any spells.

Inventory:

Armour
 d - a +0 cloak (worn)
Scrolls
 a - 2 scrolls of identify {unknown}
 b - a scroll of remove curse {unknown}
 c - a scroll of amnesia {unknown}

Dungeon Overview and Level Annotations

Branches:
Dungeon (3/15)

Altars:
Cheibriados
Elyvilon
Kikubaaqudgha
Makhleb
Pakellas
Trog
Yredelemnul
The Shining One

Portals:
Sewer: D:3

Annotations:
D:3 Ijyb

.......▒ ▒......▒≈≈≈▒...
.▒▒▒▒▒▒▒▒▒....▒.▒≈≈≈▒.▒ .▒
.........▒≈∩≈▒.▒ .▒▒▒▒
▒▒▒▒▒▒▒..▒BS≈▒.▒
..▒▒_▒▒▒▒▒⌠▒8▒..▒SS≈▒.▒▒
▒▒▒_.▒.▒.▒.▒.8..▒▒+▒▒..▒
..▒_....%.......g......▒
..▒_...........▒▒▒.........
..▒..▒.▒.▒.▒.8.g@...£......
..▒▒▒▒.▒_▒.▒8▒▒▒▒▒........▒
..▒ ▒▒▒▒▒▒▒▒▒ ▒........▒
..▒ ▒........▒ ▒▒▒
▒........▒ ▒........▒ .


You could see Ijyb.


Message History

Found 10 gold pieces.
A giant cockroach comes into view.
Found a glowing drain.
You see here 10 gold pieces.
You now have 146 gold pieces (gained 10).
Found a chain mail.
Found 10 gold pieces.
Found a meat ration.
You hear the slow rusting of a drain.
Found 17 gold pieces.
Found three altars.
Found a snail-covered altar of Cheibriados.
Found a burning altar of Makhleb.
You now have 163 gold pieces (gained 17).
You see here a meat ration.
Ijyb the Twisted Goblin comes into view.
He is wielding a club.
Ijyb shouts!
Here: Ijyb, wielding a club and wearing a glowing leather armour The floor.
You swing at nothing.
Ijyb zaps a wand.
The bolt of lightning hits you!
It is a wand of lightning.
You swing at nothing.
You hit Ijyb but do no damage.
Ijyb zaps a wand.
The bolt of lightning hits you!
Ouch! That really hurt!
* * * LOW HITPOINT WARNING * * *
You hit Ijyb.
Ijyb is lightly wounded.
Ijyb hits you with a club.
You die...

Action                   |  1- 3 |  4- 6 || total
-------------------------+-------+-------++-------
Melee: Unarmed           |   146 |    38 ||   184
 Stab: Sleeping          |     5 |     1 ||     6
       Distracted        |     1 |       ||     1

Vault maps used:
D:1:      roderic_chinese_lattice_arrival, minmay_strange_pillars,
          kennysheep_flooded_box
D:2:      old_standard_altar, nicolae_overflow_hidden_temple
D:3:      tgw_sif, grunt_temple_overflow_open, minitemple,
          gup_sewer_entry_glass, first_bread, uniq_iyjb

Notes
Turn   | Place    | Note
--------------------------------------------------------------
     0 | D:1      | GrosslyIncandescent the Mummy Monk began the quest for the Orb.
     0 | D:1      | Reached XP level 1. HP: 18/18 MP: 1/1
    95 | D:1      | Reached XP level 2. HP: 14/24 MP: 2/2
   104 | D:1      | HP: 1/24 [giant newt (2)]
   864 | D:1      | Reached skill level 4 in Unarmed Combat
  1036 | D:1      | Found a basalt altar of Yredelemnul.
  1128 | D:1      | You fall through a shaft!
  1197 | D:2      | Reached XP level 3. HP: 19/29 MP: 3/3
  2125 | D:2      | Found an oddly glowing altar of Pakellas.
  2139 | D:2      | Reached XP level 4. HP: 27/35 MP: 4/4
  2486 | D:2      | Found a glowing golden altar of the Shining One.
  2876 | D:3      | Found a glowing drain.
  2891 | D:3      | Found an ancient bone altar of Kikubaaqudgha.
  2891 | D:3      | Found a white marble altar of Elyvilon.
  2891 | D:3      | Found a bloodstained altar of Trog.
  2892 | D:3      | Found a snail-covered altar of Cheibriados.
  2895 | D:3      | Found a burning altar of Makhleb.
  2909 | D:3      | Noticed Ijyb
  2921 | D:3      | HP: 3/35 [Ijyb/wand of lightning (18)]
  2922 | D:3      | Slain by Ijyb

Vanquished Creatures
  4 adders (D:2)
  An ooze (D:3)
  2 worms (D:2)
  A giant gecko (D:1)
  7 bats
  9 goblins
  2 hobgoblins (D:1)
  3 jackals (D:1)
  5 kobolds
  A quokka (D:2)
  A ball python (D:1)
  6 giant newts
  6 rats
48 creatures vanquished.
